Map: Dywergencja ER

Players

Esharell - Winner!

  • Race: Zerg Zerg
  • League: Platinum
  • Spawn Location: 5:00

Legol - Winner!

  • Race: Protoss Protoss
  • League: Platinum
  • Spawn Location: 5:00

SakiiR

  • Race: Zerg Zerg
  • League: Gold
  • Spawn Location: 11:00

Alkanor

  • Race: Zerg Zerg
  • League: Platinum
  • Spawn Location: 11:00

VOD

Have the link to the VOD?

Description

Time

  • Played on: Jan. 8, 2020, 5:13 p.m.
  • Length: 11:05
Show
View Real Time Build Order
Export as new Build Order

Esharell Zerg - Winner!

Build Orders: Hatch First, Zergling Baneling 

Get SALT Encoding   

  12  0:01  Drone  
  13  0:12  Overlord  
  13  0:17  Drone  
  14  0:31  Drone x2  
  17  0:35  Drone  
  18  0:57  Drone  
  18  1:04  Hatchery  
  17  1:11  Spawning Pool  
  16  1:12  Drone  
  16  1:17  Drone  
  18  1:22  Drone  
  19  1:31  Extractor  
  18  1:47  Overlord  
  18  1:58  Queen  
  18  2:00  Zergling x4  
  22  2:09  Drone  
  23  2:28  Drone x4  
  27  2:30  Queen  
  29  2:40  Metabolic Boost  
  29  2:57  Zergling x10, Spine Crawler  
  33  2:59  Spine Crawler  
  32  3:05  Baneling Nest  
  31  3:14  Overlord  
  31  3:16  Zergling x6  
  31  3:17  Zergling x2  
  35  3:51  Overlord  
  35  3:54  Baneling x2  
  35  3:57  Baneling x2  
  35  4:00  Zergling x18  
  43  4:29  Zergling x4  
  43  4:30  Zergling x12  
  51  4:33  Baneling x5  
  51  4:34  Baneling  
  51  4:37  Overlord x2  
  51  5:04  Zergling x12  
  50  5:22  Zergling x10  
  42  5:30  Zergling x2  
  42  5:33  Zergling x2  
  39  5:42  Zergling x4  
  40  5:51  Zergling x2  
  40  5:56  Zergling x2  
  41  6:06  Zergling x10  
  43  6:16  Zergling x8  
  38  6:42  Zergling x8  
  38  6:43  Roach Warren  
  38  6:44  Baneling x2  
  38  6:45  Baneling x5  
  41  6:54  Zergling x10  
  41  6:55  Zergling x6  
  41  6:59  Zergling x2  
  50  7:07  Zergling x2  
  45  7:28  Zergling x8  
  30  7:32  Zergling x2  
  29  7:42  Roach x2  
  29  7:43  Roach x4  
  41  7:47  Zergling x4  
  43  7:53  Roach  
  43  7:55  Zergling x2  
  46  8:08  Drone x2  
  48  8:16  Drone x3  
  48  8:17  Drone x2  
  52  8:44  Roach x6  
  60  8:52  Drone x2  
  54  9:06  Roach x3  
  60  9:11  Roach  
  62  9:21  Overlord  
  62  9:28  Ravager x2  
  64  9:40  Roach x2  
  68  10:18  Zergling x6  
  68  10:26  Zergling x2  
  68  10:27  Zergling x12  
  68  10:28  Zergling x10  
  66  10:30  Zergling x6  
  55  10:36  Zergling x2  
  55  10:38  Zergling x2  
Show
View Real Time Build Order
Export as new Build Order

Legol Protoss - Winner!

Build Orders: Mass Adepts 

Get SALT Encoding   

  12  0:01  Probe  
  13  0:13  Probe  
  14  0:18  Pylon  
  14  0:25  Probe  
  15  0:37  Probe (Chrono Boost), Gateway  
  16  0:49  Probe (Chrono Boost)  
  17  0:52  Assimilator  
  17  0:55  Probe (Chrono Boost)  
  18  1:03  Probe (Chrono Boost)  
  19  1:15  Probe (Chrono Boost)  
  20  1:24  Probe (Chrono Boost)  
  21  1:26  Cybernetics Core  
  21  1:28  Pylon  
  21  1:45  Gateway  
  21  1:47  Probe  
  21  1:49  Gateway  
  22  1:59  Probe  
  23  2:01  Pylon  
  23  2:04  Warp Gate  
  25  2:40  Adept  
  25  2:41  Adept x2  
  29  2:47  Nexus  
  28  2:59  Assimilator  
  28  3:00  Probe  
  29  3:12  Probe  
  30  3:16  Adept x3  
  36  3:24  Probe  
  36  3:26  Twilight Council  
  37  3:36  Probe  
  38  3:51  Probe  
  39  3:58  Adept x3, Resonating Glaives (Chrono Boost)  
  39  3:59  Probe  
  46  4:03  Probe  
  47  4:11  Probe  
  47  4:15  Probe  
  49  4:24  Probe, Robotics Facility  
  50  4:28  Adept x2  
  48  4:57  Probe x2  
  49  5:09  Probe x2  
  49  5:11  Adept  
  53  5:18  Pylon  
  53  5:20  Pylon  
  53  5:21  Probe  
  53  5:23  Pylon  
  54  5:31  Pylon  
  54  5:33  Pylon  
  54  5:36  Probe x2, Warp Prism  
  58  5:48  Probe x2  
  60  6:35  Adept x3  
  60  6:38  Immortal (Chrono Boost)  
  66  6:43  Gateway  
  66  6:45  Gateway  
  66  6:46  Gateway  
  70  6:49  Gateway  
  70  6:51  Probe (Chrono Boost)  
  72  6:56  Probe (Chrono Boost)  
  72  6:58  Adept  
  72  6:59  Adept x2  
  78  7:04  Probe (Chrono Boost)  
  79  7:11  Immortal (Chrono Boost)  
  83  7:19  Adept  
  83  7:20  Adept x2  
  63  7:48  Pylon  
  63  7:49  Assimilator  
  63  7:50  Pylon, Probe x2  
  63  7:51  Pylon  
  65  7:53  Assimilator  
  65  7:54  Stalker x4  
  65  7:55  Stalker  
  75  8:02  Probe x2, Immortal (Chrono Boost)  
  81  8:14  Probe (Chrono Boost)  
  81  8:18  Probe (Chrono Boost)  
  83  8:24  Stalker  
  83  8:25  Stalker x2, Probe (Chrono Boost)  
  91  8:27  Sentry  
  91  8:29  Probe (Chrono Boost)  
  93  8:38  Forge  
  93  8:49  Immortal (Chrono Boost)  
  97  8:55  Sentry  
  97  8:56  Sentry x4  
  107  9:14  Photon Cannon  
  107  9:17  Photon Cannon  
  107  9:30  Zealot x5  
  107  10:02  Stalker  
  107  10:03  Stalker x4  
  117  10:13  Pylon  
  117  10:19  Pylon  
  115  10:21  Pylon  
  115  10:23  Pylon  
  115  10:27  Stalker x3  
  103  10:59  Stalker  
  103  11:00  Stalker x4  
  103  11:01  Stalker  
Show
View Real Time Build Order
Export as new Build Order

SakiiR Zerg 

Build Orders: Hatch First 

Get SALT Encoding   

  12  0:02  Drone  
  13  0:08  Drone  
  14  0:16  Overlord  
  14  0:35  Drone x3  
  17  0:59  Hatchery  
  17  1:03  Drone x2  
  18  1:08  Extractor  
  17  1:17  Spawning Pool  
  16  1:19  Drone  
  16  1:23  Drone  
  18  1:35  Drone  
  19  1:47  Drone  
  19  1:53  Extractor  
  19  2:04  Queen  
  19  2:08  Roach Warren, Zergling x4  
  22  2:14  Zergling x4  
  24  2:19  Metabolic Boost  
  24  2:25  Zergling x2  
  25  2:35  Drone x2  
  27  2:45  Zergling x2  
  27  2:46  Overlord  
  28  2:59  Lair  
  28  3:04  Drone  
  31  3:12  Roach  
  31  3:21  Queen  
  31  3:23  Drone  
  34  3:35  Drone x2  
  34  3:37  Overlord  
  36  3:47  Overlord  
  36  3:51  Overlord  
  33  4:21  Roach x3  
  33  4:22  Roach x3  
  45  4:27  Drone x2  
  45  4:30  Extractor  
  46  4:36  Zergling x2, Extractor  
  46  4:51  Drone x4, Zergling x2  
  45  5:21  Roach x5  
  44  5:22  Roach  
  42  5:34  Drone  
  42  5:35  Drone  
  42  5:40  Glial Reconstitution  
  40  6:00  Roach  
  40  6:01  Roach x3  
  42  6:15  Roach x5  
  52  6:30  Roach  
  52  6:31  Roach x2  
  56  6:43  Roach x2  
  60  6:50  Overlord  
  60  7:09  Overlord x2  
  60  7:10  Roach  
  62  7:18  Roach  
  64  7:31  Queen  
  64  7:41  Roach x2  
  64  7:42  Roach  
  70  8:04  Roach x4  
  78  8:13  Drone x2  
  80  8:23  Roach  
  82  8:41  Drone x2  
  84  8:42  Overlord x2  
  84  9:01  Roach x4  
  92  9:28  Hatchery  
  91  9:46  Roach  
  91  9:47  Roach x3  
  99  10:01  Drone  
  70  10:31  Hatchery  
  43  10:37  Ravager x4  
Show
View Real Time Build Order
Export as new Build Order

Alkanor Zerg 

Build Orders: Hatch First 

Get SALT Encoding   

  12  0:01  Drone  
  13  0:13  Overlord  
  13  0:16  Drone  
  14  0:22  Extractor  
  14  0:23  Drone  
  15  0:31  Drone  
  16  0:36  Drone  
  17  0:55  Hatchery  
  17  0:56  Drone  
  17  1:10  Spawning Pool  
  16  1:14  Drone  
  17  1:19  Drone  
  17  1:21  Extractor  
  17  1:22  Drone  
  18  1:36  Drone  
  19  1:48  Drone  
  20  1:57  Queen  
  20  2:00  Drone, Extractor  
  22  2:07  Drone  
  22  2:08  Drone  
  24  2:09  Queen  
  24  2:15  Overlord  
  26  2:25  Overlord  
  26  2:26  Drone  
  27  2:31  Drone  
  27  2:33  Metabolic Boost  
  28  2:43  Drone  
  29  2:44  Baneling Nest  
  29  2:46  Drone  
  29  2:56  Drone  
  30  3:07  Drone x3  
  30  3:08  Drone  
  30  3:12  Overlord  
  34  3:16  Drone  
  35  3:21  Drone x2  
  35  3:22  Drone x2  
  39  3:31  Zergling x2, Overlord  
  39  3:32  Zergling x2  
  41  3:39  Drone x2  
  41  3:40  Drone x2  
  45  3:50  Drone  
  45  3:53  Drone  
  45  3:54  Drone x2  
  49  3:56  Baneling x3  
  49  3:58  Zergling x4  
  51  4:04  Zergling x2  
  51  4:11  Zergling x2  
  51  4:14  Drone  
  53  4:18  Overlord  
  53  4:29  Extractor, Overlord  
  52  4:35  Drone, Zergling x2  
  52  4:36  Zergling x6  
  57  4:38  Lair  
  57  4:40  Roach Warren  
  55  4:49  Zergling x2  
  55  4:50  Zergling x8  
  54  5:10  Baneling  
  54  5:11  Baneling x7  
  48  5:33  Zergling x2  
  48  5:34  Zergling x12  
  53  5:41  Queen  
  55  5:53  Baneling x3  
  55  5:59  Baneling  
  55  6:00  Zergling x8  
  52  6:30  Baneling x7  
  52  6:31  Zergling x2  
  52  6:32  Zergling x16  
  60  6:38  Glial Reconstitution  
  60  6:41  Drone  
  60  6:42  Evolution Chamber x2  
  60  6:43  Extractor  
  60  6:46  Queen  
  60  6:47  Overlord  
  60  6:53  Baneling x5  
  60  6:54  Baneling x4  
  60  6:57  Overlord  
  60  7:02  Zergling x2  
  60  7:03  Zergling x4  
  60  7:05  Baneling x7  
  63  7:10  Zerg Melee Weapons Level 1, Zerg Missile Weapons Level 1  
  52  7:32  Zergling x12  
  57  7:42  Baneling  
  57  7:43  Baneling x5  
  57  7:48  Drone x3  
  60  8:00  Roach x3  
  60  8:04  Spore Crawler  
  65  8:07  Baneling x3  
  65  8:08  Baneling  
  65  8:13  Baneling x6  
  65  8:18  Centrifical Hooks  
  65  8:24  Zergling x4  
  65  8:25  Drone x3  
  65  8:26  Drone  
  68  8:51  Zergling x8, Roach x2  
  68  8:52  Roach  
  76  9:05  Burrow  
  76  9:16  Overlord x2  
  76  9:18  Hatchery  
  75  9:32  Overseer  
  75  9:34  Overlord x2  
  75  9:41  Roach x3  
  75  9:42  Roach  
  75  9:45  Spire  
  82  9:56  Zergling x2  
  82  9:57  Zergling x8, Roach x2  
  91  10:05  Zergling x2  
  91  10:06  Zergling x10  
  83  10:30  Roach  
  83  10:31  Roach x7  
Tags
 
Add a new tag
Caveats
  • Supply blocks, unpowered buildings, or Contaminate may cause inaccurate times.
  • Supply counts are checked every 10 seconds.